 Dungeon Crawl Stone Soup version 0.31.0-32-g396128a36d (webtiles) character file.

Game seed: 1645171712116866966

330306 adizb the Brawler (level 19, -5/178 HPs)
             Began as a Troll Fighter on Mar 27, 2024.
             Was the Champion of Hepliaklqana.
             Slain by a lorocyproca (22 damage)
             ... summoned by a deep elf demonologist
             ... on level 3 of the Elven Halls on Mar 28, 2024.
             The game lasted 03:10:41 (24382 turns).

adizb the Brawler (Troll Fighter)                  Turns: 24382, Time: 03:10:42

Health: -5/178     AC: 24    Str: 38    XL:     19   Next: 93%
Magic:  2/24       EV: 19    Int:  2    God:    Hepliaklqana [******]
Gold:   1877       SH: 27    Dex: 18    Spells: 18/18 levels left

rFire   + +          +
                       - Unarmed
rCold   + + +        a - +6 tower shield {rPois}
rNeg    + + .        p - +8 pearl dragon scales "Voneobbu" {rN+ Will+}
rPois   +            k - -2 hat of the Alchemist {rElec rPois rF+ rC+ rN+ Will+ rMut rCorr}
rElec   +            o - +1 cloak "Ixtoes Cuaru" {Will++ Dex+3 Stlth+}
rCorr   +            (gloves unavailable)
SInv    .            (boots unavailable)
Will    +++++        u - amulet of regeneration
Stlth   +            I - +5 ring of evasion
HPRegen 2.09/turn    f - ring "Ladgh" {Fly rF+ rC+ Dex+3}
MPRegen 0.19/turn

%: resist mutation
@: about to teleport, resistant (expiring), flying, invisible
A: reduced essence, large, unfitting armour, claws 3, regeneration 1, shaggy fur
1, tough skin 1, agile 1, strong 1, subdued magic 1, inability to drink after
injury 2
}: 2/15 runes: decaying, serpentine
a: Renounce Religion, Recall Ancestor, Ancestor Identity, Transference, Idealise


You were on level 3 of the Elven Halls.
You worshipped Hepliaklqana.
Hepliaklqana was exalted by your worship.
You visited 8 branches of the dungeon, and saw 36 of its levels.
You also visited: Bailey, Gauntlet and Ice Cave.

You collected 4410 gold pieces.
You spent 2533 gold pieces at shops.

Inventory:

Missiles
 m - 10 javelins
 M - 32 large rocks (quivered)
 W - 11 throwing nets
Armour
 a - a +6 tower shield of poison resistance (worn)
 k - the -2 hat of the Alchemist (worn) {rElec rPois rF+ rC+ rN+ Will+ rMut rCorr}
   (You bought it in a shop on level 4 of the Dungeon)

   rF+:       It protects you from fire.
   rC+:       It protects you from cold.
   rElec:     It insulates you from electricity.
   rPois:     It protects you from poison rN+: It protects you from negative
   energy.
   Will+:     It increases your willpower.
   rCorr:     It protects you from acid and corrosion.
   rMut:      It protects you from mutation.
 o - the +1 cloak "Ixtoes Cuaru" (worn) {Will++ Dex+3 Stlth+}
   (You found it on level 3 of the Dungeon)

   Dex+3:     It affects your dexterity (+3).
   Will++:    It greatly increases your willpower.
   Stlth+:    It makes you more stealthy.
 p - the +8 pearl dragon scales "Voneobbu" (worn) {rN+ Will+}
   (You took it off a minotaur in a Gauntlet)

   rN+:       It protects you from negative energy.
   Will+:     It increases your willpower.
 Y - the +0 robe "Jacoxiav" {Rampage rN++}
   (You found it on level 10 of the Dungeon)

   rN++:      It greatly protects you from negative energy.
   Rampage:   It bestows one free step when moving towards enemies.
Jewellery
 e - a ring of positive energy
 f - the ring "Ladgh" (right claw) {Fly rF+ rC+ Dex+3}
   (You found it on level 4 of the Lair of Beasts)

   [ring of flight]

   Dex+3:     It affects your dexterity (+3).
   rF+:       It protects you from fire.
   rC+:       It protects you from cold.
   Fly:       It grants you flight.
 g - a ring of resist corrosion
 u - an amulet of regeneration (around neck)
 y - an amulet of guardian spirit
 A - a +4 ring of slaying
 E - a ring of willpower
 I - a +5 ring of evasion (left claw)
 J - a ring of protection from cold
 O - a ring of poison resistance
 P - a ring of protection from fire
 Q - an amulet of the acrobat
 Z - the ring "Huwy" {Ice Int+6 SInv}
   (You found it in an ice cave)

   [ring of ice]

   Ice:       It enhances your ice magic.
   Int+6:     It affects your intelligence (+6).
   rF-:       It makes you vulnerable to fire.
   rC+:       It protects you from cold.
   SInv:      It lets you see invisible.
Wands
 n - a wand of mindburst (64)
 q - a wand of polymorph (12)
 s - a wand of digging (17)
 w - a wand of charming (20)
 B - a wand of roots (57)
 G - a wand of flame (99)
 H - a wand of light (18)
Scrolls
 b - 3 scrolls of enchant armour
 x - a scroll of fear
 D - 3 scrolls of revelation
 F - 10 scrolls of identify
 N - a scroll of poison
 U - 2 scrolls of teleportation
Potions
 c - 8 potions of might
 d - 5 potions of attraction
 h - 16 potions of curing
 i - 5 potions of enlightenment
 l - 7 potions of ambrosia
 r - 5 potions of brilliance
 t - 7 potions of haste
 v - 5 potions of invisibility
 z - 8 potions of magic
 C - 7 potions of cancellation
 R - 2 potions of resistance
 X - 4 potions of mutation
Miscellaneous
 S - a tin of tremorstones (2/2)
 V - a lightning rod (4/4)


   Skills:
 + Level 14.4 Fighting
 + Level 8.3 Armour
 + Level 12.1 Dodging
 * Level 18.3 Shields
 + Level 18.8 Unarmed Combat
 + Level 8.1 Invocations
 - Level 5.4 Shapeshifting


You had 18 spell levels left.
You didn't know any spells.
Your spell library contained the following spells:

 Spells                   Type           Power      Damage    Failure   Level
 Freeze                   Ice            0%         1d3       86%         1
 Kiss of Death            Conj/Necr      0%         2d5       86%         1
 Necrotise                Necr           0%         1d4       86%         1
 Shock                    Conj/Air       0%         1d3       86%         1
 Blink                    Tloc           0%         N/A       94%         2
 Ensorcelled Hibernation  Hex/Ice        0%         N/A       94%         2
 Lesser Beckoning         Tloc           0%         N/A       94%         2
 Momentum Strike          Conj/Tloc      0%         3d8       94%         2
 Static Discharge         Conj/Air       0%         3-3/arc   94%         2
 Call Canine Familiar     Summ           0%         N/A       99%         3
 Confusing Touch          Hex            0%         N/A       99%         3
 Dazzling Flash           Conj/Hex       0%         N/A       99%         3
 Frozen Ramparts          Ice            0%         1d1       99%         3
 Fugue of the Fallen      Necr           0%         N/A       99%         3
 Hailstorm                Conj/Ice       0%         3d5       99%         3
 Inner Flame              Hex/Fire       0%         N/A       99%         3
 Ozocubu's Armour         Ice            0%         N/A       99%         3
 Sigil of Binding         Hex            0%         N/A       99%         3
 Swiftness                Air            0%         N/A       99%         3
 Vampiric Draining        Necr           0%         2d6       99%         3
 Volatile Blastmotes      Fire/Tloc      0%         2d10      99%         3
 Airstrike                Air            0%         2d(0-16)  100%        4
 Anguish                  Hex/Necr       0%         N/A       100%        4
 Dimensional Bullseye     Hex/Tloc       0%         N/A       100%        4
 Dispel Undead            Necr           0%         3d6       100%        4
 Flame Wave               Conj/Fire      0%         2d4       100%        4
 Fulminant Prism          Conj/Alch      0%         3d5       100%        4
 Leda's Liquefaction      Alch/Erth      0%         N/A       100%        4
 Manifold Assault         Tloc           0%         N/A       100%        4
 Martyr's Knell           Necr/Summ      0%         N/A       100%        4
 Sticky Flame             Fire/Alch      0%         2d4       100%        4
 Summon Lightning Spire   Summ/Air       0%         N/A       100%        4
 Alistair's Intoxication  Alch           0%         N/A       100%        5
 Arcjolt                  Conj/Air       0%         1d10      100%        5
 Borgnjor's Vile Clutch   Necr/Erth      0%         N/A       100%        5
 Curse of Agony           Necr           0%         N/A       100%        5
 Freezing Cloud           Conj/Ice/Air   0%         6-21      100%        5
 Lee's Rapid Deconstruct  Erth           0%         3d4*      100%        5
 Metabolic Englaciation   Hex/Ice        0%         N/A       100%        5
 Summon Forest            Summ/Tloc      0%         N/A       100%        5
 Bombard                  Conj/Erth      0%         9d1       100%        6
 Eringya's Noxious Bog    Alch           0%         4d6       100%        6
 Sculpt Simulacrum        Ice/Alch       0%         N/A       100%        6
 Starburst                Conj/Fire      0%         6d3       100%        6
 Haunt                    Necr/Summ      0%         N/A       100%        7
 Summon Hydra             Summ           0%         N/A       100%        7
 Maxwell's Capacitive Co  Air            0%         ∞         100%        8


Dungeon Overview and Level Annotations

Branches:
Dungeon (15/15)            Temple (1/1) D:7            Lair (5/5) D:9
  Swamp (4/4) Lair:3        Snake (4/4) Lair:2        Slime (2/5) Lair:5
    Orc (2/2) D:10            Elf (3/3) Orc:2        Vaults (0/5) D:14
 Depths (0/4) D:15         Bailey (visited)           IceCv (visited)
Gauntlet (visited)

Altars:
Ashenzari
Cheibriados
Dithmenos
Elyvilon
Fedhas
Gozag
Hepliaklqana
Kikubaaqudgha
Makhleb
Nemelex Xobeh
Okawaru
Qazlal
Ru
Sif Muna
Trog
Uskayaw
Vehumet
Wu Jian
Xom
Yredelemnul
Zin
The Shining One
Jiyva

Shops:
D:4 [   D:8 [(:   D:9 (   Orc:2 *::[   Elf:2 =:=   Elf:3 *   Snake:3 !

Annotations:
Snake:4 2 runed translucent doors


Innate Abilities, Weirdness & Mutations

Your life essence is reduced to manifest your ancestor. (-10% HP)
You are too large for most types of armour.
You have claws for hands.
Your natural rate of healing is unusually fast.
You are covered in fur. (AC +1)
You have tough skin. (AC +1)
You are agile. (Dex +4, Str/Int -1)
Your muscles are strong. (Str +4, Int/Dex -1)
Your spells are a little easier to cast, but a little less powerful.
You sometimes lose the ability to drink potions when taking damage.


Message History

You start to feel less resistant.
Xxx Ælfthryth xx points at the deep elf high priest and mumbles some strange words.
The deep elf high priest resists with almost no effort.
Something hits you!!
* * * LOW HITPOINT WARNING * * *
You feel your power leaking away.
The deep elf high priest unwields a +0 shortbow.
The deep elf high priest wields a +1 short sword of speed.
The deep elf high priest hits xxx Ælfthryth xx with a +1 short sword of speed!
You fade into invisibility!
You block the Executioner's attack. x3
Xxx Ælfthryth xx closely misses the deep elf high priest.
You block the Executioner's attack.
The Executioner hits you but does no damage.
The Executioner completely misses you.
Xxx Ælfthryth xx gestures at the deep elf high priest while chanting.
The deep elf high priest resists with almost no effort.
Something hits you but does no damage.
The deep elf high priest hits xxx Ælfthryth xx with a +1 short sword of speed!
Xxx Ælfthryth xx is destroyed!
You scratch the earth elemental but do no damage.
You block the Executioner's attack. The Executioner closely misses you.
The Executioner hits you but does no damage.
The Executioner closely misses you. You block the Executioner's attack. x2
Something hits you!
* * * LOW HITPOINT WARNING * * *
You feel your power leaking away.
The earth elemental completely misses you.
You block the Executioner's attack.
The Executioner hits you but does no damage. x2
As you read the scroll of teleportation, it crumbles to dust.
You feel strangely unstable.
The Executioner hits you but does no damage. x2
You block the Executioner's attack. x2; The Executioner completely misses you.
You block the Executioner's attack.
The deep elf high priest unwields a +1 short sword of speed.
The deep elf high priest wields a +0 shortbow.
The deep elf high priest shoots an arrow.
The arrow hits the earth elemental!
Something hits you!!
You die...

................
#.............#
#...{.....# #####.#####
### #)## ###.####
#.e####......##
##e$e)......∩.#
#############).1...e..#
e4.22....).)))4{@E....#
#############.........#
#.........# ###.....###
###.### ###


You could see a deep elf master archer (unable to see you), an Executioner
(summoned, fast), a deep elf demonologist, an orange demon (summoned, unable to
see you), a deep elf archer (repels missiles, unable to see you), a deep elf
high priest (unable to see you) and an earth elemental (unable to see you).

Vanquished Creatures
  Vashnia (Snake:2)
  Nikola (Snake:2)
  Jorgrun (Orc:1)
  2 tentacled monstrosities
  Rupert (D:12)
  Mlioglotl (Snake:3)
  2 deep elf blademasters (Elf:3)
  A deep elf master archer (Elf:3)
  2 acid blobs (Slime:1)
  Frances (Snake:1)
  A thorn hunter (Swamp:3)
  Aizul (Snake:4)
  3 fenstrider witches
  4 frost giants (IceCv)
  2 deep elf sorcerers (Elf:3)
  3 nagarajas
  A ghoul (Swamp:4)
  A deep elf elementalist (Elf:3)
  A cacodemon (D:13)
  The ghost of Ruil the Warrior, a journeyman MiBe of Trog (D:15)
  3 deep elf demonologists (Elf:3)
  3 deep elf death magi
  A dire elephant (Lair:5)
  5 eleionomae
  3 deep elf annihilators (Elf:3)
  A white draconian (IceCv)
  2 bunyips
  The ghost of Xeaniej the Fighter, a journeyman DsBe of Trog (D:13)
  A blizzard demon (Swamp:4)
  Josephine (D:15)
  2 vault guards (Bailey)
  5 hydras
  2 deep elf high priests (Elf:3)
  8 ice dragons (IceCv)
  3 rakshasas
  6 alligators
  Erolcha (D:10)
  A salamander tyrant (Snake:4)
  A catoblepas (Lair:5)
  2 ironbound frosthearts (IceCv)
  A radroach (shapeshifter) (Elf:1)
  A hell beast (Swamp:4)
  4 centaur warriors
  9 anacondas
  5 boulder beetles
  A death knight (D:14)
  3 ghost crabs
  An ogre mage (D:12)
  7 two-headed ogres
  10 naga warriors
  5 death yaks (Lair:5)
  4 tengu warriors
  A two-headed ogre (shapeshifter) (D:15)
  A deep troll shaman (Lair:5)
  22 dancing weapons
  3 orc high priests
  7 naga sharpshooters
  An occultist (Swamp:4)
  A shock serpent (shapeshifter) (Elf:1)
  A spriggan berserker (Swamp:1)
  13 deep elf knights
  2 soul eaters
  14 spriggans
  3 shock serpents
  Sonja (D:13)
  5 skeletal warriors (D:13)
  5 sixfirhies (D:14)
  Lodul (D:10)
  5 goliath frogs
  3 salamander mystics (Snake:4)
  7 spectral anacondas (Snake:4)
  7 mana vipers
  An arcanist (Swamp:4)
  4 swamp dragons
  6 spriggan druids
  2 glowing orange brains
  4 bog bodies
  3 harpies (shapeshifter)
  3 orc knights
  2 naga ritualists (Snake:2)
  A lindwurm (shapeshifter) (Elf:1)
  12 deep elf archers
  2 anaconda skeletons (Snake:4)
  25 deep elf pyromancers
  16 deep elf zephyrmancers
  4 cyclopes
  3 will-o-the-wisps
  4 manticores
  10 orc sorcerers
  An oklob plant (Snake:2)
  9 salamanders
  29 ugly things
  A faun (shapeshifter) (D:13)
  4 guardian serpents
  7 elephants
  A meliai (shapeshifter) (D:14)
  A kobold blastminer (Orc:1)
  3 meliai
  3 smoke demons (Swamp:4)
  2 torpor snails
  An apocalypse crab (Gauntlet)
  Joseph (D:7)
  2 gargoyles
  8 cane toads
  28 black mambas
  13 naga magi
  The ghost of tizbic2 the Shooter, a novice FoHu of Gozag (D:4)
  2 orange demons (Swamp:4)
  A cane toad (shapeshifter) (D:13)
  A spectral sea snake (Snake:4)
  2 unseen horrors (shapeshifter)
  5 kobold demonologists
  15 rime drakes
  2 efreet
  2 yaktaurs
  3 anaconda simulacra (Snake:4)
  4 komodo dragons
  A spectral naga (Snake:4)
  A komodo dragon (shapeshifter) (D:13)
  A tengu conjurer (D:15)
  An ice devil (Gauntlet)
  Psyche (D:12)
  12 polar bears
  3 trolls (shapeshifter)
  A queen bee (shapeshifter) (Elf:1)
  A queen bee (D:15)
  6 trolls
  3 hellwings (Swamp:4)
  16 hornets
  Prince Ribbit (Bailey)
  A glass eye (D:11)
  3 spectral guardian serpents (Snake:4)
  17 blink frogs
  A raiju (D:14)
  2 spriggan zombies (Swamp:2)
  6 tyrant leeches
  A raiju (shapeshifter) (D:13)
  A wolf spider simulacrum (D:14)
  7 dream sheep
  2 guardian serpent skeletons (Snake:4)
  4 shadows
  A spriggan skeleton (Swamp:2)
  3 air elementals
  13 slime creatures
  A water elemental (D:14)
  5 wraiths
  2 spriggans (shapeshifter)
  2 vampires
  A wyvern (D:8)
  4 basilisks
  22 yaks
  2 wargs
  Grum (D:10)
  A fire elemental (Elf:1)
  3 humans (Bailey)
  A golden eye (shapeshifter) (D:13)
  3 neqoxecs (D:13)
  6 vampire mosquitoes
  A sea snake simulacrum (Snake:4)
  3 chaos spawn
  7 swamp worms
  A naga (shapeshifter) (Elf:1)
  29 nagas
  4 acid dragons
  A naga skeleton (Snake:4)
  11 water moccasins
  3 guardian serpent simulacra (Snake:4)
  A swamp drake (Swamp:3)
  21 orc warriors
  4 black bears
  An ice beast (D:7)
  14 wolves
  9 ogres
  The ghost of tizbic2 the Trooper, an amateur OpFi (D:3)
  8 centaurs
  A phantom (D:5)
  6 kobold brigands
  15 bullfrogs
  4 gnoll sergeants
  3 earth elementals
  A necrophage (D:4)
  4 scorpions
  5 wights (D:9)
  17 killer bees
  3 electric eels
  3 howler monkeys (D:12)
  2 lava snakes (Lair:2)
  12 hounds
  A jelly (D:6)
  A bombardier beetle (D:6)
  2 centaur skeletons (D:4)
  13 orc priests
  Crazy Yiuf (D:7)
  A gnoll bouda (D:10)
  An iguana (D:5)
  31 orc wizards
  A sleepcap (D:6)
  3 hell rats (Lair:1)
  2 adders
  31 gnolls
  3 shadow imps
  9 white imps
  5 dart slugs
  4 ribbon worms
  61 orcs
  4 ball pythons
  6 endoplasms
  2 giant cockroaches
  6 goblins
  11 hobgoblins
  7 jackals
  3 quokkas
  10 bats
  3 frilled lizards
  14 kobolds
  3 rats
1089 creatures vanquished.

Vanquished Creatures (collateral kills)
  A fenstrider witch (Swamp:3)
  A deep elf elementalist (Elf:3)
  A bunyip (Swamp:4)
  A minotaur (Gauntlet)
  A shambling mangrove (Swamp:3)
  2 alligators
  A hydra (Swamp:4)
  A boulder beetle (D:15)
  An ice dragon (IceCv)
  A two-headed ogre (D:14)
  3 anacondas
  An ironbound frostheart (IceCv)
  A tengu warrior (D:13)
  5 dancing weapons
  2 naga warriors (Snake:4)
  2 death yaks
  4 naga sharpshooters
  4 deep elf knights (Elf:2)
  A salamander mystic (Snake:4)
  An orange crystal statue (IceCv)
  2 naga ritualists
  A flayed ghost (D:15)
  A bog body (Lair:3)
  A spriggan druid (Swamp:1)
  A swamp dragon (Swamp:4)
  A deep elf archer (Elf:1)
  A will-o-the-wisp (Swamp:4)
  5 deep elf zephyrmancers
  A lindwurm (Lair:4)
  8 deep elf pyromancers
  5 ugly things
  A manticore (D:13)
  3 black mambas
  3 salamanders
  An elephant (Lair:4)
  3 naga magi
  An unseen horror (D:11)
  2 rime drakes (IceCv)
  2 yaktaurs (D:15)
  A komodo dragon (Lair:2)
  A tyrant leech (Swamp:2)
  3 polar bears
  A troll (D:11)
  2 hornets
  5 blink frogs
  2 dream sheep (Lair:3)
  2 slime creatures (Slime:1)
  3 spriggans
  A wraith (D:15)
  10 yaks
  2 basilisks
  A vampire mosquito (Swamp:2)
  A naga (Snake:2)
  2 water moccasins (Lair:1)
  4 orc warriors
  A black bear (Lair:5)
  An ice beast (D:14)
  A centaur (D:15)
  2 ogres
  2 wolves
  A gnoll sergeant (D:10)
  4 bullfrogs
  A killer bee (D:15)
  A howler monkey (D:10)
  7 orc priests (Orc:2)
  A gnoll bouda (D:9)
  2 hounds (D:10)
  10 orc wizards
  3 hell rats (Lair:1)
  5 gnolls
  2 white imps (Gauntlet)
  14 orcs
  3 jackals
  2 butterflies (Lair:5)
182 creatures vanquished.

Vanquished Creatures (others)
  A deep elf archer (Elf:1)
  A necromancer (Swamp:2)
  A cyclops (D:9)
  A rime drake (IceCv)
  A tyrant leech (Swamp:2)
  A swamp worm (Swamp:2)
  A swamp drake (Swamp:2)
  33 hexers
  3 orc wizards (Orc:2)
  2 ancestors (Bailey)
  27 foxfires
72 creatures vanquished.

Grand Total: 1343 creatures vanquished

Notes
Turn   | Place    | Note
-------+----------+-------------------------------------------
     0 | D:1      | adizb the Troll Fighter began the quest for the Orb.
     0 | D:1      | Reached XP level 1. HP: 22/22 MP: 0/0
   224 | D:1      | Reached XP level 2. HP: 29/29 MP: 1/1
   729 | D:1      | Reached XP level 3. HP: 25/36 MP: 2/2
   860 | D:2      | Reached XP level 4. HP: 28/44 MP: 3/3
   966 | D:2      | Noticed a scorpion
   976 | D:2      | Killed a scorpion
   977 | D:2      | Reached XP level 5. HP: 53/53 MP: 4/4
  1316 | D:3      | Found a runed translucent door.
  1316 | D:3      | Noticed tizbic2's ghost (amateur OpFi)
  1316 | D:3      | Noticed a water moccasin
  1415 | D:3      | Found a blossoming altar of Fedhas.
  1696 | D:3      | Identified the +1 cloak "Ixtoes Cuaru" {Will++ Dex+3
                  | Stlth+}
  1901 | D:3      | Found a broken altar of Ashenzari.
  1912 | D:3      | Found an opulent altar of Gozag.
  2273 | D:3      | Killed a water moccasin
  2274 | D:3      | Reached XP level 6. HP: 42/61 MP: 5/5
  2276 | D:3      | Killed tizbic2's ghost
  2353 | D:4      | Found a transporter.
  2419 | D:4      | Reached skill level 5 in Unarmed Combat
  2419 | D:4      | Reached XP level 7. HP: 68/68 MP: 4/6
  2623 | D:4      | Found Nedialu's Antique Armour Emporium.
  2736 | D:4      | Found a transporter.
  2738 | D:4      | Noticed tizbic2's ghost (novice FoHu)
  2892 | D:4      | Killed tizbic2's ghost
  2893 | D:4      | Reached XP level 8. HP: 67/78 MP: 7/7
  2936 | D:5      | Entered Level 5 of the Dungeon
  3040 | D:5      | Found a shimmering blue altar of Sif Muna.
  3179 | D:5      | Found a snail-covered altar of Cheibriados.
  3563 | D:5      | Reached skill level 5 in Shields
  3791 | D:6      | Found a stormy altar of Qazlal.
  4000 | D:6      | Reached skill level 5 in Fighting
  4077 | D:7      | Noticed Joseph
  4085 | D:6      | Reached skill level 5 in Dodging
  4085 | D:6      | Reached XP level 9. HP: 57/88 MP: 8/8
  4115 | D:7      | Killed Joseph
  4315 | D:7      | Found a staircase to the Ecumenical Temple.
  4324 | Temple   | Entered the Ecumenical Temple
  4356 | Temple   | Became a worshipper of Hepliaklqana the Forgotten
  4776 | D:7      | Found a runed translucent door.
  4779 | D:7      | Noticed Crazy Yiuf
  4784 | D:7      | Killed Crazy Yiuf
  5147 | D:8      | Found Ilosoc's Antique Armour Emporium.
  5162 | D:8      | Found Hier's Weapon Shoppe.
  5230 | D:8      | Reached * piety under Hepliaklqana
  5306 | D:8      | Found Waoj's Book Shop.
  5496 | D:8      | Found a flagged portal.
  5511 | Bailey   | Entered a bailey
  5553 | Bailey   | Reached XP level 10. HP: 83/88 MP: 9/9
  5631 | Bailey   | Noticed Prince Ribbit
  5631 | Bailey   | Noticed a vault guard
  5635 | Bailey   | Killed Prince Ribbit
  5640 | Bailey   | Killed a vault guard
  5641 | Bailey   | Reached skill level 10 in Unarmed Combat
  5670 | Bailey   | Noticed a vault guard
  5681 | Bailey   | Killed a vault guard
  6028 | D:9      | Found Fecoc's Antique Weapon Shoppe.
  6058 | D:9      | Found a staircase to the Lair.
  6081 | Lair:1   | Entered Level 1 of the Lair of Beasts
  6089 | Lair:1   | Noticed a cane toad
  6095 | Lair:1   | Killed a cane toad
  6156 | Lair:1   | Reached ** piety under Hepliaklqana
  6157 | Lair:1   | Remembered your ancestor xxx Ælfthryth xx as a hexer
  6191 | Lair:1   | Noticed a black mamba
  6197 | Lair:1   | Killed a black mamba
  6221 | Lair:1   | Noticed a torpor snail
  6227 | Lair:1   | Reached XP level 11. HP: 82/96 MP: 10/10
  6901 | Lair:2   | Identified the +0 leather armour of Resonance {Harm rF+
                  | rC+++ Regen+}
  6968 | Lair:2   | Found a staircase to the Snake Pit.
  7045 | Lair:2   | Reached *** piety under Hepliaklqana
  7408 | Lair:3   | Reached XP level 12. HP: 107/107 MP: 11/11
  7464 | Lair:3   | Reached skill level 1 in Armour
  7464 | Lair:3   | Reached skill level 1 in Invocations
  7495 | Lair:3   | Noticed a death yak
  7503 | Lair:3   | Killed a death yak
  7697 | Lair:3   | Found a staircase to the Swamp.
  8016 | Lair:4   | Reached **** piety under Hepliaklqana
  8189 | Lair:4   | Identified the ring "Ladgh" {Fly rF+ rC+ Dex+3}
  8893 | Lair:5   | Entered Level 5 of the Lair of Beasts
  8945 | Lair:5   | Found a viscous altar of Jiyva.
  8945 | Lair:5   | Found a staircase to the Slime Pits.
  9069 | Lair:5   | Reached XP level 13. HP: 117/117 MP: 13/13
  9222 | Lair:5   | Found a gate leading to a gauntlet.
  9254 | Gauntlet | Entered a Gauntlet
  9254 | Gauntlet | Found a transporter.
  9258 | Gauntlet | Found a transporter.
  9260 | Gauntlet | Found a transporter.
  9275 | Gauntlet | Found a transporter.
  9278 | Gauntlet | Found a transporter.
  9283 | Gauntlet | Noticed a quicksilver ooze
  9287 | Gauntlet | Found a transporter.
  9308 | Gauntlet | Found a transporter.
  9319 | Gauntlet | Found a transporter.
  9327 | Gauntlet | Found a runed translucent door.
  9330 | Gauntlet | Found a transporter.
  9334 | Gauntlet | Reached ***** piety under Hepliaklqana
  9349 | Gauntlet | Found a transporter.
  9363 | Gauntlet | Found a transporter.
  9363 | Gauntlet | Found a transporter.
  9412 | Gauntlet | Found a runed translucent door.
  9417 | Gauntlet | Found a transporter.
  9431 | Gauntlet | Found a transporter.
  9736 | Gauntlet | Identified the ring "Sefinuth" {^Contam +Blink Fly MP+9}
  9754 | Gauntlet | Identified the +10 quarterstaff "Tikocus" {holy, Str+3
                  | Stlth+}
  9754 | Gauntlet | Identified the +8 pearl dragon scales "Voneobbu" {rN+
                  | Will+}
  9754 | Gauntlet | Noticed a minotaur
  9778 | Gauntlet | Killed a minotaur
  9799 | Gauntlet | Identified the +2 helmet of Vumnaw {rC+ Str+5}
  9800 | Gauntlet | Got the Almanac of Lofty Sinister Arts
  9821 | Lair:5   | Reached skill level 1 in Shapeshifting
 10104 | Lair:5   | Noticed a dire elephant
 10243 | Lair:5   | Killed a dire elephant
 10244 | Lair:5   | Reached skill level 10 in Fighting
 10292 | Lair:5   | Reached skill level 10 in Shields
 10322 | Lair:5   | Got an earthy gem with 142 turns to spare
 10325 | Lair:5   | Identified the +2 robe of the Ward {Harm +Blink}
 10849 | D:10     | Entered Level 10 of the Dungeon
 10849 | D:10     | Noticed Erolcha
 10858 | D:10     | Killed Erolcha
 10862 | D:10     | Noticed Lodul
 10874 | D:9      | Reached skill level 15 in Unarmed Combat
 11041 | D:10     | Noticed Grum
 11047 | D:10     | Killed Grum
 11055 | D:10     | Reached XP level 14. HP: 128/128 MP: 14/14
 11079 | D:10     | Killed Lodul
 11179 | D:10     | Reached skill level 5 in Shapeshifting
 11245 | D:10     | Identified the +0 robe "Jacoxiav" {Rampage rN++}
 11304 | D:11     | Identified a scroll of acquirement
 11304 | D:11     | Acquired 792 gold pieces
 11436 | D:4      | Bought the -2 hat of the Alchemist {rElec rPois rF+ rC+ rN+
                  | Will+ rMut rCorr} for 1274 gold pieces
 11436 | D:4      | Found the -2 hat of the Alchemist {rElec rPois rF+ rC+ rN+
                  | Will+ rMut rCorr}
 12015 | D:13     | Found a runed translucent gate.
 12015 | D:13     | Found a runed translucent gate.
 12015 | D:13     | Found a runed translucent gate.
 12095 | D:13     | Found a runed translucent gate.
 12095 | D:13     | Found a runed translucent gate.
 12099 | D:13     | Noticed Xeaniej's ghost (journeyman DsBe)
 12103 | D:13     | Found a runed translucent gate.
 12103 | D:13     | Noticed a cacodemon
 12136 | D:13     | Gained mutation: Your system is resistant to poisons.
                  | (rPois) [potion of mutation]
 12136 | D:13     | Gained mutation: You occasionally shout uncontrollably at
                  | your foes. [potion of mutation]
 12136 | D:13     | Gained mutation: Your spells are a little easier to cast,
                  | but a little less powerful. [potion of mutation]
 12137 | D:13     | Lost mutation: Your system is resistant to poisons. (rPois)
                  | [potion of mutation]
 12137 | D:13     | Lost mutation: You occasionally shout uncontrollably at
                  | your foes. [potion of mutation]
 12137 | D:13     | Lost mutation: Your spells are a little easier to cast, but
                  | a little less powerful. [potion of mutation]
 12137 | D:13     | Gained mutation: You passively map a small area around you.
                  | [potion of mutation]
 12137 | D:13     | Gained mutation: You have a somewhat thin skeletal
                  | structure. (Dex +2, Stealth+) [potion of mutation]
 12137 | D:13     | Gained mutation: You have very sharp teeth. [potion of
                  | mutation]
 12340 | D:15     | Entered Level 15 of the Dungeon
 12462 | D:15     | Found a staircase to the Depths.
 12467 | D:15     | Got a smoky gem with 1424 turns to spare
 12813 | D:13     | Noticed Sonja
 12823 | D:13     | Killed Sonja
 13330 | D:12     | Noticed Rupert
 13348 | D:12     | Killed Rupert
 13349 | D:12     | Reached skill level 10 in Dodging
 13349 | D:12     | Reached XP level 15. HP: 127/136 MP: 17/17
 13483 | D:12     | Noticed Psyche
 13485 | D:12     | Killed Psyche
 13536 | D:12     | Identified the +0 robe of the Maze {Rampage ^Drain
                  | Archmagi}
 13612 | D:10     | Found a staircase to the Orcish Mines.
 13774 | D:10     | Found a radiant altar of Vehumet.
 13831 | Orc:1    | Entered Level 1 of the Orcish Mines
 13908 | Orc:1    | Reached ****** piety under Hepliaklqana
 14013 | Orc:1    | Noticed Jorgrun
 14033 | Orc:1    | Killed Jorgrun
 14169 | Orc:2    | Entered Level 2 of the Orcish Mines
 14203 | Orc:2    | Found a staircase to the Elven Halls.
 14410 | Orc:2    | Found Nerojiz's Book Emporium.
 14410 | Orc:2    | Found Ruvvios's Armour Shoppe.
 14426 | Orc:2    | Found Webuclau's Book Shoppe.
 14428 | Orc:2    | Found Lumafebb's General Store.
 14432 | Orc:2    | Bought a scroll of fear for 56 gold pieces
 14432 | Orc:2    | Bought a scroll of teleportation for 42 gold pieces
 15438 | D:12     | Gained mutation: Your spells are a little harder to cast,
                  | but a little more powerful. [a neqoxec]
 15667 | D:13     | Gained mutation: You occasionally lose the ability to drink
                  | potions when taking damage. [a cacodemon]
 15680 | D:13     | Killed Xeaniej's ghost
 15717 | D:13     | Gained mutation: You sometimes lose the ability to drink
                  | potions when taking damage. [mutagenic glow]
 15721 | D:13     | Identified the +0 robe "Goem" {rElec Int+3 Dex+3 SInv}
 15743 | D:13     | Lost mutation: You have very sharp teeth. [potion of
                  | mutation]
 15743 | D:13     | Lost mutation: You have a somewhat thin skeletal structure.
                  | (Dex +2, Stealth+) [potion of mutation]
 15743 | D:13     | Lost mutation: You passively map a small area around you.
                  | [potion of mutation]
 15743 | D:13     | Gained mutation: Your magical capacity is low. (-10% MP)
                  | [potion of mutation]
 15743 | D:13     | Gained mutation: Your system is resistant to poisons.
                  | (rPois) [potion of mutation]
 15744 | D:13     | Lost mutation: Your spells are a little harder to cast, but
                  | a little more powerful. [potion of mutation]
 15744 | D:13     | Lost mutation: Your system is resistant to poisons. (rPois)
                  | [potion of mutation]
 15744 | D:13     | Lost mutation: Your magical capacity is low. (-10% MP)
                  | [potion of mutation]
 15744 | D:13     | Gained mutation: Your spells are a little easier to cast,
                  | but a little less powerful. [potion of mutation]
 15744 | D:13     | Gained mutation: You are agile. (Dex +4, Str/Int -1)
                  | [potion of mutation]
 15744 | D:13     | Gained mutation: Your muscles are strong. (Str +4, Int/Dex
                  | -1) [potion of mutation]
 16162 | D:14     | Found a gate to the Vaults.
 16244 | D:14     | Reached XP level 16. HP: 148/148 MP: 18/18
 16246 | D:14     | Found the +8 storm bow {elec, penet}
 16617 | D:15     | Noticed Josephine
 16625 | D:15     | Killed Josephine
 17005 | D:15     | Noticed Ruil's ghost (journeyman MiBe)
 17014 | D:15     | Found a transporter.
 17016 | D:15     | Found a transporter.
 17124 | D:15     | Killed Ruil's ghost
 17630 | Swamp:1  | Entered Level 1 of the Swamp
 17875 | Swamp:1  | Identified the +0 hand axe "Iraitu" {vamp, rElec Stlth+}
 18137 | Swamp:2  | Identified the +1 falchion "Inadgh" {freeze, rN+}
 18322 | Swamp:2  | Noticed a tentacled monstrosity
 18337 | Swamp:2  | Killed a tentacled monstrosity
 18350 | Swamp:2  | Reached skill level 15 in Shields
 18567 | Swamp:3  | Noticed a thorn hunter
 18578 | Swamp:3  | Killed a thorn hunter
 18658 | Swamp:4  | Entered Level 4 of the Swamp
 18658 | Swamp:4  | Noticed a tentacled monstrosity
 18665 | Swamp:4  | Killed a tentacled monstrosity
 18693 | Swamp:4  | Reached XP level 17. HP: 141/157 MP: 19/19
 19078 | Swamp:4  | Got a mossy gem with 484 turns to spare
 19082 | Swamp:4  | Got a decaying rune of Zot
 19309 | Swamp:4  | Reached skill level 5 in Armour
 19859 | Snake:1  | Entered Level 1 of the Snake Pit
 19907 | Snake:1  | Noticed Frances
 19921 | Snake:1  | Killed Frances
 19987 | Snake:2  | Noticed Nikola
 20002 | Snake:2  | Killed Nikola
 20123 | Snake:2  | Noticed Vashnia
 20154 | Snake:2  | Killed Vashnia
 20208 | Snake:2  | Found a stormy altar of Qazlal.
 20307 | Snake:2  | Reached skill level 5 in Invocations
 20402 | Snake:3  | Found a bloodstained altar of Trog.
 20489 | Snake:4  | Entered Level 4 of the Snake Pit
 20498 | Snake:4  | Found a runed translucent gate.
 20499 | Snake:4  | Found a runed translucent gate.
 20622 | Snake:4  | Reached XP level 18. HP: 166/166 MP: 20/20
 20688 | Snake:4  | Identified the +1 morningstar of Dawn {freeze, rF- Int+3
                  | Dex+3 Stlth+}
 21055 | Snake:4  | Identified the serpent talisman "Vewnya" {rF+ rCorr Int-3
                  | Dex+5}
 21055 | Snake:4  | Noticed Aizul
 21068 | Snake:4  | Killed Aizul
 21149 | Snake:4  | Got a serpentine rune of Zot
 21151 | Snake:4  | Got a jade gem with 1219 turns to spare
 21287 | Snake:3  | Found Itziygy's Distillery.
 21291 | Snake:3  | Noticed Mlioglotl
 21298 | Snake:3  | Killed Mlioglotl
 21534 | Snake:3  | Bought 2 potions of magic for 256 gold pieces
 21534 | Snake:3  | Bought a potion of curing for 48 gold pieces
 21534 | Snake:3  | Bought a potion of curing for 48 gold pieces
 21534 | Snake:3  | Bought 2 potions of resistance for 320 gold pieces
 21534 | Snake:3  | Bought a potion of curing for 48 gold pieces
 21534 | Snake:3  | Bought a potion of curing for 48 gold pieces
 21534 | Snake:3  | Bought a potion of curing for 48 gold pieces
 21761 | Slime:1  | Entered Level 1 of the Pits of Slime
 22063 | Elf:1    | Entered Level 1 of the Elven Halls
 22176 | Elf:1    | Identified the +6 spear of Okawaru's Supremacy {drain, rF+
                  | Will+++ Str+2 Dex-5}
 22256 | Elf:1    | Paralysed by an air elemental for 1 turns
 22525 | Elf:1    | Reached XP level 19. HP: 176/176 MP: 23/23
 22543 | Elf:1    | Got the Codex of Distant Shores
 23014 | Elf:2    | Found a runed translucent door.
 23023 | Elf:2    | Found a runed translucent door.
 23345 | Elf:2    | Found a glacial archway.
 23351 | IceCv    | Entered an ice cave
 23588 | IceCv    | Identified the ring "Huwy" {Ice Int+6 SInv}
 23768 | Elf:2    | Found Zuegimecs's Jewellery Boutique.
 23768 | Elf:2    | Found Mupta's Book Emporium.
 23787 | Elf:2    | Found Colioll's Jewellery Boutique.
 23884 | Elf:3    | Entered Level 3 of the Elven Halls
 24202 | Elf:3    | Found Ziupunisch's Assorted Antiques.
 24212 | Elf:3    | Bought a scroll of teleportation for 69 gold pieces
 24212 | Elf:3    | Bought a scroll of fog for 92 gold pieces
 24212 | Elf:3    | Bought a potion of mutation for 184 gold pieces
 24225 | Elf:3    | Paralysed by an air elemental for 1 turns
 24344 | Elf:3    | HP: 7/178 [hellion/damnation[a deep elf demonologist] (38)]
 24351 | Elf:3    | HP: 2/178 [deep elf master archer/arrow (26)]
 24382 | Elf:3    | Slain by a lorocyproca

Illustrated notes

Levels and vault maps discovered:
D:1:      sevenhm_arrival_forest_fort_large_2, layout_loops_cross,
          minmay_crystal_room, minmay_misc_feat_x, st_stairs_3,
          serial_bayou_lake_a
D:2:      layout_basic, kennysheep_nub
D:3:      layout_loops_corners, mainiacjoe_overflow_big_doors,
          mainiacjoe_overflow_tiny_flanked, ebering_ghost_inner_flame,
          kennysheep_generic_room_12
D:4:      layout_basic, serial_shops, nicolae_shop_crystal,
          gammafunk_ghost_mausoleum
D:5:      layout_basic, lemuel_doored_altar, kennysheep_slug_shrine
D:6:      layout_cave_pools, old_standard_altar, minmay_misc_feat_roman
D:7:      layout_basic, lemuel_temple_firewalk_b, uniq_crazy_yiuf_cottage,
          uniq_joseph
D:8:      layout_basic, enter_bailey_1, serial_shops, shop, shop, shop,
          ldierk_geyser
D:9:      nzn_winding_woodlands_small [nzn_winding_woodlands_5x15_sawtooth,
          nzn_winding_woodlands_center_triple_pond,
          nzn_winding_woodlands_5x15_lazy_stream], layout_small_grid,
          lair_entry_dummy, serial_shops, nicolae_shop_pleasant_corner_grove
D:10:     layout_big_octagon, fiery_altar_vehumet, orc_0_dummy,
          serial_gnoll_camp, gnoll_camp_mini_sergeant, grums_kennel,
          gnoll_camp_mini_loothouse, gnoll_camp_medium_02, gnoll_camp_mini_hut,
          gnoll_camp_mini_doghouse, uniq_erolcha, uniq_lodul
D:11:     layout_loops_corners, onia_ninara_cookie
D:12:     layout_roguey, dk_noncrumbling_3, minmay_shattered_shrine,
          uniq_psyche, uniq_rupert
D:13:     layout_loops_ring, ploomutoo_gammafunk_ghost_potion_laboratory,
          uniq_sonja
D:14:     minmay_shoctagon, layout_loops_cross, david_vaults_1, serial_ice,
          serial_ice_g, serial_ice_e, serial_ice_j, serial_ice_f,
          dreamdust_mushroom_princess
D:15:     gammafunk_enter_depths_forms, layout_irregular_city,
          gammafunk_ghost_hive, uniq_josephine
Temple:   regret_index_temple_generic_petals
Lair:1:   layout_gridlike, st_stairs_3
Lair:2:   layout_gridlike, nicolae_snake_entry_warm_welcome, grunt_megastairs_3,
          infiniplex_staircase_pool
Lair:3:   layout_cave_shapes, skrybe_swamp_entry_bodies, grunt_megastairs_5
Lair:4:   layout_layer_cave
Lair:5:   grunt_lair_end_beastmaster, layout_small_grid,
          dpeg_slime_entry_enclosed, gauntlet_entry_generic,
          lemuel_fruit_fields, grunt_megastairs_1
Swamp:1:  layout_falls_marsh, evilmike_swamp_ruin_house_2, swamp_pool_1_2
Swamp:2:  nicolae_swamp_ascending_descending_big, layout_falls_marsh,
          nicolae_swamp_some_circles, grunt_hermit_hut,
          infiniplex_staircase_pool_2
Swamp:3:  cheibrodos_swamp_tower_of_moss, layout_falls_marsh, serial_swamp_ruin,
          evilmike_swamp_ruin_house_3, evilmike_swamp_ruin_house_5,
          swamp_pool_1_2
Swamp:4:  nzn_swamp_witches_coven, layout_basic_swamp
Snake:1:  layout_misc_corridors, serial_library_hellmonk_long_bookcase,
          uniq_frances
Snake:2:  layout_chambers, lemuel_oklob_altar, grunt_megastairs_4, uniq_nikola,
          uniq_azrael, uniq_vashnia
Snake:3:  layout_honeycomb, serial_shops, shop, basic_altar, uniq_mlioglotl
Snake:4:  snake_pit, layout_onion_interference, gammafunk_ghost_necromancy,
          nicolae_snake_the_dead_are_slithering, uniq_aizul
Slime:1:  cheibrodos_slime_lost_civilization_2, layout_caves
Slime:2:  layout_caves
Orc:1:    layout_caves, basic_altar, uniq_jorgrun
Orc:2:    st_orc_mages, layout_caves
Elf:1:    minmay_elf_arrival_circle, layout_loops_cross,
          nicolae_elf_shapeshifter_party
Elf:2:    elven_hall_of_blades_hangedman_original
          [nicolae_blade_entry_splitting_headache], layout_loops_corners,
          portal_ice_cave_entry_pillars_1, st_stairs_1, minmay_shop_grove
Elf:3:    minmay_elf_hall_circle, layout_geoelf_diagonals, serial_shops, shop

Skill      XL: |  1  2  3  4  5  6  7  8  9 10 11 12 13 14 15 16 17 18 19 |
---------------+----------------------------------------------------------+-----
Shields        | 3 4 5 6 7 8 9 10 11 13 15 16 17 18 | 18.3
Unarmed Combat | 3 4 5 6 7 9 11 12 13 15 16 17 18 | 18.8
Fighting       | 3 4 5 6 7 9 10 11 12 13 14 | 14.4
Dodging        | 3 4 5 6 7 8 9 10 11 12 | 12.1
Armour         | 2 4 5 7 8 |  8.3
Invocations    | 2 4 5 6 8 |  8.1
Shapeshifting  | 4 5 |  5.4

Action                     |  1- 3 |  4- 6 |  7- 9 | 10-12 | 13-15 | 16-18 | 19-21 || total
---------------------------+-------+-------+-------+-------+-------+-------+-------++-------
  Melee: Unarmed           |    81 |   119 |   254 |   403 |  1120 |  1315 |   399 ||  3691
         Bite              |       |       |       |       |    72 |       |       ||    72
  Throw: Large rock        |       |       |       |       |     4 |       |     2 ||     6
         Throwing net      |       |       |       |       |     2 |     1 |       ||     3
 Invoke: Recall Ancestor   |       |       |     1 |       |     1 |       |     2 ||     4
         Ancestor Identity |       |       |     1 |       |       |       |       ||     1
         Ancestor Life: He |       |       |       |     1 |       |       |       ||     1
         Idealise          |       |       |       |       |       |     1 |       ||     1
  Evoke: Wand              |       |       |       |       |       |     1 |       ||     1
    Use: Scroll            |     1 |     4 |     4 |     7 |    16 |    14 |     9 ||    55
         Potion            |       |       |       |     3 |     6 |     5 |     9 ||    23
   Stab: Sleeping          |       |     3 |     4 |     1 |     1 |       |       ||     9
         Distracted        |       |       |       |     3 |    11 |    18 |     3 ||    35
         Confused          |       |       |       |    10 |    13 |    16 |    12 ||    51
         Petrified         |       |       |       |       |    24 |       |       ||    24
         Held in net/web   |       |       |       |       |     1 |     1 |       ||     2
         Paralysed         |       |       |       |       |    39 |    40 |    18 ||    97
         Invisible         |       |       |       |       |       |     3 |       ||     3
 Armour: Robe              |    57 |    57 |   124 |    97 |    32 |       |       ||   367
         Pearl dragon scal |       |       |       |       |   475 |   609 |   172 ||  1256
  Dodge: Dodged            |    28 |    43 |    92 |   156 |   496 |   468 |    78 ||  1361
  Block: Kite shield       |    36 |    71 |   124 |   230 |   662 |       |       ||  1123
         Tower shield      |       |       |       |       |   110 |  1752 |   323 ||  2185
